 Dungeon Crawl Stone Soup version 0.28.0-45-g0d030f2227 (webtiles) character file.

Game seed: 4663683516080794349

114702 CryoSword the Covert (level 16, -10/82 HPs)
             Began as a Vine Stalker Enchanter on Apr 18, 2022.
             Was the Champion of Dithmenos.
             Mangled by a broodmother (26 damage)
             ... on level 1 of the Spider Nest.
             The game lasted 01:06:50 (28699 turns).

CryoSword the Covert (Vine Stalker Enchanter)      Turns: 28699, Time: 01:06:51

Health: -10/82     AC: 18    Str: 20    XL:     16   Next: 66%
Magic:  0/30       EV: 12    Int: 19    God:    Dithmenos [******]
Gold:   61         SH: 15    Dex: 18    Spells: 17/34 levels left

rFire   . . .      SeeInvis .   w - +7 captain's cutlass {speed, disarm}
rCold   . . .      Faith    .   L - +3 warlock's mirror {reflect}
rNeg    . . .      Spirit   +   l - quicksilver dragon scales
rPois   +          Reflect  +   M - +1 helmet
rElec   .          Harm     .   I - scarf {repulsion}
rCorr   .          Rampage  +   d - +2 pair of gloves
Will    ++++.                   z - +1 pair of boots {rampage}
Stlth   ++++++++++              S - amulet of reflection
HPRegen 1.03/turn               R - ring of Balance {rPois Will+ Str+8, =R}
MPRegen 0.22/turn               A - +4 ring of slaying

@: wreathed by umbra, repel missiles
A: fangs 3, regeneration 1, magic shield, antimagic bite, no potion heal 2
a: Renounce Religion, Shadow Step, Shadow Form


You were on level 1 of the Spider Nest.
You worshipped Dithmenos.
Dithmenos was exalted by your worship.
You visited 4 branches of the dungeon, and saw 24 of its levels.
You also visited: Sewer, Bailey and Ice Cave.

You collected 4502 gold pieces.
You spent 4441 gold pieces at shops.

Inventory:

Hand Weapons
 a - a +2 dagger of holy wrath
   (You took it off an orc on level 2 of the Orcish Mines)
 w - the +7 captain's cutlass (weapon) {speed, disarm}
   (You found it on level 6 of the Lair of Beasts)

   Attacks with this weapon are significantly faster.
   It may disarm weapon-wielding foes when striking them, dealing extra damage
   in the process.
Missiles
 f - 30 boomerangs
 k - 26 poisoned darts
 E - 3 boomerangs of dispersal {!f}
 H - a throwing net
Armour
 d - a +2 pair of gloves (worn)
   (You bought it in a shop on level 2 of the Orcish Mines)
 l - quicksilver dragon scales (worn)
   (You bought it in a shop on level 3 of the Dungeon)
 z - a +1 pair of boots of rampaging (worn)
   (You bought it in a shop on level 2 of the Orcish Mines)
 I - a scarf of repulsion (worn)
   (You found it on level 13 of the Dungeon)
 L - the +3 warlock's mirror (worn) {reflect}
   (You bought it in a shop on level 2 of the Orcish Mines)

   It can block and reflect piercing ranged attacks and magical attacks against
   the wielder's willpower.
 M - a +1 helmet (worn)
   (You found it on level 8 of the Dungeon)
Jewellery
 A - a +4 ring of slaying (right hand)
   (You bought it in a shop on level 5 of the Dungeon)
 R - the ring of Balance (left hand) {rPois Will+ Str+8, =R}
   (You found it on level 14 of the Dungeon)

   [ring of willpower]

   Str:       It affects your strength (+8).
   rPois:     It protects you from poison.
   Will:      It increases your willpower.
 S - an amulet of reflection (around neck)
   (You found it on level 3 of the Dungeon)
Wands
 g - a wand of iceblast (5)
   (You found it on level 1 of the Lair of Beasts)
 t - a wand of flame (44) (quivered)
   (You found it on level 4 of the Dungeon)
Scrolls
 e - 2 scrolls of vulnerability {!r}
 h - 4 scrolls of fear
 n - 6 scrolls of teleportation {@r4}
 o - 4 scrolls of magic mapping
 q - 2 scrolls of fog
 s - 3 scrolls of blinking
 x - 2 scrolls of identify {@r1}
 y - a scroll of brand weapon
 C - a scroll of immolation {!r}
 F - a scroll of enchant weapon
 G - 2 scrolls of holy word
 J - 2 scrolls of summoning
 Q - 2 scrolls of silence
Potions
 b - a potion of flight
 c - 2 potions of invisibility
 i - 6 potions of lignification {!q}
 j - 14 potions of curing {@q1}
 m - 2 potions of resistance
 p - 6 potions of might
 r - a potion of berserk rage
 u - 3 potions of mutation {!q}
 v - 5 potions of haste {@q3}
 B - a potion of ambrosia
 D - 2 potions of brilliance


   Skills:
 + Level 8.7 Fighting
 * Level 12.2 Short Blades
 * Level 3.9 Armour
 - Level 4.0 Dodging
 + Level 13.9 Stealth
 + Level 10.1 Shields
 + Level 9.6 Spellcasting
 - Level 4.0 Conjurations
 * Level 13.5 Hexes
 - Level 3.0 Translocations
 - Level 5.0 Ice Magic
 - Level 7.8 Invocations


You had 17 spell levels left.
You knew the following spells:

 Your Spells              Type           Power      Damage    Failure   Level
a - Ensorcelled Hibernat  Hex/Ice        88%        N/A       1%          2
b - Confusing Touch       Hex            57%        N/A       1%          3
c - Tukima's Dance        Hex            57%        N/A       1%          3
d - Dazzling Flash        Conj/Hex       84%        N/A       1%          3
e - Cause Fear            Hex            28%        N/A       1%          4
B - Blink                 Tloc           40%        N/A       7%          2

Your spell library contained the following spells:

 Spells                   Type           Power      Damage    Failure   Level
 Summon Guardian Golem    Hex/Summ       34%        N/A       2%          3
 Magic Dart               Conj           96%        1d7       3%          1
 Fulminant Prism          Conj/Hex       21%        3d13      4%          4
 Shock                    Conj/Air       64%        1d7       7%          1
 Gell's Gravitas          Tloc           20%        N/A       14%         3
 Lesser Beckoning         Tloc           20%        N/A       14%         3
 Teleport Other           Tloc           20%        N/A       14%         3
 Beastly Appendage        Tmut           18%        N/A       16%         1
 Pain                     Necr           36%        1d5       16%         1
 Sting                    Tmut/Pois      36%        1d4       16%         1
 Call Imp                 Summ           9%         N/A       24%         2
 Corpse Rot               Necr/Air       18%        N/A       24%         2
 Poisonous Vapours        Pois/Air       18%        N/A       24%         2
 Wereblood                Tmut           9%         N/A       24%         2
 Hailstorm                Conj/Ice       26%        3d7       24%         4
 Mephitic Cloud           Conj/Pois/Air  14%        N/A       26%         3
 Yara's Violent Unravell  Hex/Tmut       17%        3d8       26%         5
 Iskenderun's Mystic Bla  Conj/Tloc      22%        2d6       36%         4
 Passage of Golubria      Tloc           20%        N/A       41%         4
 Spider Form              Tmut/Pois      9%         N/A       43%         3
 Swiftness                Air            9%         N/A       43%         3
 Manifold Assault         Tloc           20%        N/A       77%         5
 Airstrike                Air            4%         N/A       83%         4
 Dispel Undead            Necr           9%         3d8       83%         4
 Olgreb's Toxic Radiance  Pois           9%         N/A       83%         4
 Agony                    Necr           9%         N/A       99%         5
 Excruciating Wounds      Necr           4%         N/A       99%         5
 Lee's Rapid Deconstruct  Erth           4%         3d6*      99%         5
 Dragon Form              Tmut           4%         N/A       100%        7
 Orb of Destruction       Conj           12%        9d7       100%        7
 Spellforged Servitor     Conj/Summ      8%         N/A       100%        7
 Storm Form               Tmut/Air       4%         N/A       100%        7
 Dragon's Call            Summ           4%         N/A       100%        9


Dungeon Overview and Level Annotations

Branches:
Dungeon (15/15)            Temple (0/1) D:6            Lair (6/6) D:9
 Shoals (0/4) Lair:2       Spider (1/4) Lair:2        Slime (0/5) Lair:6
    Orc (2/2) D:12            Elf (0/3) Orc:2        Vaults (0/5) D:14
 Depths (0/4) D:15          Sewer (visited)          Bailey (visited)
  IceCv (visited)

Altars:
Ashenzari
Cheibriados
Dithmenos
Okawaru
Ru
Sif Muna
Trog
Vehumet
Wu Jian
Xom
Zin
Beogh
Jiyva

Shops:
D:3 [   D:5 :*[(   Orc:1 *   Orc:2 :(*[[

Annotations:
D:9 exclusion: orange crystal statue
D:10 2 transporters, Elsvaer's ghost, journeyman DEEE
D:11 1 exclusion


Innate Abilities, Weirdness & Mutations

You have razor-sharp teeth.
Your natural rate of healing is unusually fast.
When hurt, damage is shared between your health and your magic reserves.
Your bite disrupts and absorbs the magic of your enemies.
Potions cannot restore your health.


Message History

Found 13 sling bullets.
You see here the +3 leather armour "Ginext" {Rampage *Slow rF+ SInv}.
Found a potion of attraction.
A demonic crawler comes into view.
A demonic crawler is nearby!
You rampage towards the demonic crawler!
You rampage towards the demonic crawler!
You rampage towards the demonic crawler!
The helpless demonic crawler fails to defend itself.
You stick the demonic crawler like a pincushion!!!!
You kill the demonic crawler!
Dithmenos accepts your kill.
No target in view!
You see here 13 stones.
A tarantella comes into view.
A tarantella is nearby!
A tarantella is nearby!
A tarantella is nearby!
You rampage towards the tarantella!
A redback comes into view.
A broodmother and a culicivora come into view.
The broodmother hisses angrily.
The culicivora hisses angrily.
The tarantella hisses angrily.
You hear an angry hiss.
A tarantella comes into view.
You barely miss the culicivora. You bite the culicivora! You drain its power.
Your shadow completely misses the culicivora.
A torpor snail comes into view.
Being near the torpor snail leaves you feeling lethargic.
You miscast Dazzling Flash.
You are very lightly contaminated with residual magic.
Nothing appears to happen.
You block the culicivora's attack. The tarantella closely misses you.
The culicivora bites you.
The culicivora draws strength from your injuries!
The tarantella misses you.
The culicivora is dazzled.
The broodmother is dazzled.
The tarantella is dazzled.
The torpor snail is dazzled.
The redback is dazzled.
You block the tarantella's attack. You block the culicivora's attack.
You impale the culicivora!! Your bite misses the culicivora.
The culicivora closely misses you. You block the redback's attack.
You completely miss the broodmother. You bite the broodmother!
You drain its power.
You feel invigorated. You block the culicivora's attack.
The broodmother barely misses you.
You hit the broodmother. You bite the broodmother! You drain its power.
The redback bites you but does no damage.
You block the broodmother's attack.
You puncture the broodmother! You bite the broodmother! You drain its power.
The broodmother is no longer blind.
You block the torpor snail's attack. The culicivora barely misses you.
The redback bites you but does no damage.
You hit the torpor snail.
Your shadow hits the torpor snail but does no damage.
The broodmother barely misses you. You block the redback's attack.
You puncture the torpor snail!
You bite the torpor snail, but do no damage.
Your shadow hits the torpor snail but does no damage.
The culicivora is no longer blind.
The broodmother bites you!!
You emit a cloud of dark smoke.
The culicivora bites you!
The culicivora draws strength from your injuries!
The torpor snail is no longer blind.
The redback bites you but does no damage.
The torpor snail bites you! The redback closely misses you.
Your magical contamination has completely faded away.
Aim: a torpor snail (black smoke, moderately wounded, umbra, chance to affect: 50%)
The torpor snail resists with some effort.
Your shadow mimicks your spell!
The torpor snail looks drowsy...
The redback is no longer blind.
You block the broodmother's attack. The redback closely misses you.
The broodmother is healed somewhat.
You block the broodmother's attack.
The redback bites you but does no damage.
The helpless torpor snail fails to defend itself.
You stick the torpor snail like a pincushion!!!!
You kill the torpor snail!
Dithmenos accepts your kill.
You feel yourself speed up.
The redback bites you but does no damage.
You hit the broodmother. You bite the broodmother! You drain its power.
You feel invigorated.
The broodmother is healed somewhat.
You block the redback's attack.
Aim: a broodmother (black smoke, heavily wounded, umbra, chance to affect: 33%)
The broodmother easily resists.
The broodmother bites you!
A spider bursts forth from the wound!
The broodmother is healed somewhat.
The redback bites you!
* * * LOW HITPOINT WARNING * * *
You block the tarantella's attack.
The broodmother bites you but does no damage.
The redback bites you but does no damage.
The redback is dazzled.
The tarantella is dazzled. x2
The redback completely misses you. The redback misses you.
You block the broodmother's attack. You block the redback's attack.
You hit the redback. You bite the redback! You drain its power.
You feel invigorated.
Your shadow hits the redback with a rapier.
The redback completely misses you.
You puncture the redback!
You kill the redback!
Dithmenos accepts your kill. The broodmother bites you!
* * * LOW HITPOINT WARNING * * *
You block the redback's attack. You block the redback's attack.
You hit the tarantella. The redback completely misses you.
You hit the tarantella. Your bite misses the tarantella.
Your shadow barely misses the tarantella.
The tarantella closely misses you.
You puncture the tarantella! You bite the tarantella. You drain its power.
You feel invigorated.
Your shadow hits the tarantella with a rapier.
The redback bites you.
* * * LOW HITPOINT WARNING * * *
You block the broodmother's attack.
You puncture the tarantella!
You kill the tarantella!
Dithmenos accepts your kill. You block the redback's attack.
You hit the broodmother. Your bite misses the broodmother.
Your shadow hits the broodmother but does no damage.
The broodmother bites you!!
* * * LOW HITPOINT WARNING * * *
The tarantella is no longer blind.
You block the redback's attack. The culicivora barely misses you.
The tarantella closely misses you.
The broodmother is healed somewhat.
The redback bites you.
* * * LOW HITPOINT WARNING * * *
Here: a broodmother (moderately wounded, umbra)
The floor.
Aim: a broodmother (moderately wounded, umbra, chance to affect: 33%)
Okay, then.
Okay, then.
Unknown command.
The broodmother resists with almost no effort.
The tarantella looks frightened!
The culicivora resists with some effort.
The redback looks frightened!
The broodmother bites you!!
* * * LOW HITPOINT WARNING * * *
You emit a cloud of dark smoke.
A spider bursts forth from the wound!
The broodmother summons spiders!
You block the culicivora's attack.
The broodmother summons a spider!
You block the jumping spider's attack. The jumping spider misses you.
The broodmother is healed somewhat.
The broodmother resists with almost no effort.
The orb spider looks frightened!
The culicivora looks frightened!
The jumping spider resists with some effort.
The redback looks frightened!
The jumping spider barely misses you. x2
The orb spider spins a strand of pure energy.
The jumping spider leaps!
The broodmother summons spiders!
You don't have enough magic to cast this spell.
You puncture the broodmother!
You bite the broodmother, but do no damage.
The broodmother bites you!!
You die...

################ ##
...............###.##
...............#....#
.........s.s..##..s.#
###....s#.°.§§....##
#......@#^.(.......#
#.......#s§§.§....##
#......##.§s...†...#
###.....#.§§§..#§.§#
#.....###§.s.#§§§#
##...###.##...#§§§...
#....#....##.##........
#....#.....####........
##.........# #........


You could see a broodmother and a tarantella (summoned).

Vanquished Creatures
  Rupert (Lair:3)
  Jorgrun (D:15)
  A storm dragon (D:14)
  2 fire giants (D:14)
  An ironbound preserver (D:14)
  Nessos (D:15)
  A dire elephant (D:15)
  Snorg (D:14)
  A rakshasa (D:14)
  10 hydras
  Erolcha (D:9)
  10 boulder beetles
  6 centaur warriors
  A death knight (D:13)
  A merfolk avatar (Lair:6)
  4 two-headed ogres
  4 death yaks (Lair:5)
  A deep troll earth mage (D:14)
  4 orc high priests (Orc:2)
  2 tengu warriors
  A fire crab (D:14)
  Nergalle (Lair:3)
  3 sea snakes
  16 skeletal warriors
  A wizard (D:15)
  A harpy (Lair:6)
  7 orc knights
  6 ugly things
  7 deep elf pyromancers
  3 orc sorcerers
  4 cyclopes
  A wolf spider (Lair:2)
  9 manticores
  A salamander (D:15)
  2 centaur zombies (D:15)
  11 elephants
  5 black mambas
  A torpor snail (Spider:1)
  10 cane toads
  A demonic crawler (Spider:1)
  An efreet (D:15)
  An unseen horror (D:12)
  9 komodo dragons
  A tengu conjurer (D:15)
  2 rime drakes
  An entropy weaver simulacrum (IceCv)
  A harpy zombie (D:15)
  A queen bee (shapeshifter) (D:14)
  A merfolk (shapeshifter) (D:13)
  A polar bear (Lair:6)
  A queen bee (D:9)
  5 trolls
  3 hornets
  8 slime creatures
  A tarantella (Spider:1)
  A meliai zombie (D:15)
  8 blink frogs
  A snapping turtle (Lair:6)
  6 dream sheep (Lair:5)
  A jumping spider (shapeshifter) (D:15)
  2 jumping spiders (Lair:2)
  Sigmund (D:4)
  A centaur simulacrum (D:15)
  A wyvern (Lair:2)
  2 water elementals
  5 basilisks
  2 wraiths (D:12)
  3 death yak simulacra (IceCv)
  65 yaks
  A steam dragon (Lair:3)
  4 vampire mosquitoes (D:11)
  A redback (Spider:1)
  3 wargs
  2 harpy simulacra (IceCv)
  An acid dragon (D:9)
  17 water moccasins
  52 orc warriors
  10 ogres
  2 black bears
  An ice beast (D:8)
  2 necrophages
  6 centaurs
  A tengu (shapeshifter) (D:13)
  13 wolves
  2 phantoms (D:5)
  A gnoll sergeant (D:6)
  2 scorpions
  9 bullfrogs
  4 two-headed ogre simulacra (IceCv)
  2 cane toad simulacra (IceCv)
  21 killer bees
  4 wights (D:8)
  2 elephant simulacra (IceCv)
  3 electric eels
  3 howler monkeys
  A bullfrog zombie (D:5)
  6 hounds
  A bullfrog skeleton (D:6)
  2 jellies
  Crazy Yiuf (D:3)
  24 orc priests
  A gnoll shaman (D:7)
  3 centaur skeletons
  6 hell rats
  2 iguanas
  37 orc wizards
  A scorpion zombie (D:5)
  7 spriggan simulacra (IceCv)
  5 troll simulacra (IceCv)
  3 wolf simulacra (IceCv)
  A hound skeleton (D:4)
  A mummy (D:15)
  2 howler monkey zombies
  11 gnolls
  7 adders
  A howler monkey skeleton (D:4)
  6 naga simulacra (IceCv)
  2 shadow imps (D:6)
  7 white imps (IceCv)
  7 ufetubi
  An adder skeleton (D:4)
  4 worms
  2 dart slugs
  99 orcs
  9 ball pythons
  7 bats
  8 endoplasms
  5 giant cockroaches
  6 goblins
  13 hobgoblins
  3 jackals (D:1)
  A quokka (D:2)
  A frilled lizard (D:3)
  7 kobolds
  6 rats
767 creatures vanquished.

Vanquished Creatures (collateral kills)
  An orc warlord (Orc:1)
  4 two-headed ogres
  Urug (Lair:2)
  A troll (D:11)
  A yak (Lair:1)
  2 orc warriors
  2 killer bees (D:9)
  5 orcs
17 creatures vanquished.

Vanquished Creatures (others)
  12 dancing weapons
  35 fungi
  88 plants
  6 withered plants (D:15)
141 creatures vanquished.

Grand Total: 925 creatures vanquished

Notes
Turn   | Place    | Note
-------+----------+-------------------------------------------
     0 | D:1      | CryoSword the Vine Stalker Enchanter began the quest for
                  | the Orb.
     0 | D:1      | Reached XP level 1. HP: 9/9 MP: 4/4
    21 | D:1      | Reached skill level 1 in Short Blades
    82 | D:1      | Reached XP level 2. HP: 13/13 MP: 6/6
   122 | D:1      | Learned a level 2 spell: Ensorcelled Hibernation
   793 | D:1      | Reached XP level 3. HP: 11/17 MP: 0/7
  1149 | D:1      | Found a faded altar of an unknown god.
  1913 | D:2      | Gained mutation: Your natural rate of healing is unusually
                  | fast. [Vine Stalker growth]
  1913 | D:2      | Reached XP level 4. HP: 19/21 MP: 4/8
  2152 | D:2      | Learned a level 3 spell: Confusing Touch
  2579 | D:3      | Noticed an angel
  2580 | D:3      | Found a glowing silver altar of Zin.
  2580 | D:3      | Noticed a scorpion
  2581 | D:3      | Found a shimmering altar of Xom.
  2609 | D:3      | Killed a scorpion
  2610 | D:3      | Reached skill level 1 in Fighting
  2610 | D:3      | Reached skill level 1 in Ice Magic
  2610 | D:3      | Reached XP level 5. HP: 12/25 MP: 1/9
  2658 | D:3      | Found a glowing drain.
  2689 | Sewer    | Entered a sewer
  2779 | Sewer    | Noticed a water moccasin
  2788 | Sewer    | Killed a water moccasin
  2789 | Sewer    | Reached skill level 5 in Stealth
  2789 | Sewer    | Reached XP level 6. HP: 26/30 MP: 5/11
  3073 | D:3      | Found Pyvaqythe's Antique Armour Shop.
  3160 | D:3      | Found a runed translucent door.
  3161 | D:3      | Noticed Crazy Yiuf
  3168 | D:3      | Killed Crazy Yiuf
  3184 | D:3      | Identified the +7 mace of Xom's Pride {drain, rF+ Dex+4}
  3645 | D:4      | Noticed Sigmund
  3648 | D:4      | Killed Sigmund
  3649 | D:4      | Reached XP level 7. HP: 33/33 MP: 12/12
  3700 | D:4      | Learned a level 3 spell: Tukima's Dance
  3704 | D:4      | Learned a level 3 spell: Dazzling Flash
  4093 | D:5      | Entered Level 5 of the Dungeon
  4127 | D:5      | Found a snail-covered altar of Cheibriados.
  4144 | D:5      | Found Huihiy's Book Emporium.
  4145 | D:5      | Found a shadowy altar of Dithmenos.
  4150 | D:5      | Became a worshipper of Dithmenos the Shadowed
  4207 | D:5      | Reached skill level 5 in Hexes
  4207 | D:5      | Gained mutation: You have razor-sharp teeth. [Vine Stalker
                  | growth]
  4207 | D:5      | Reached XP level 8. HP: 31/39 MP: 8/13
  4285 | D:5      | Found Naxyamo's Weapon Shoppe.
  4604 | D:5      | Found Boniudye's Assorted Antiques.
  4612 | D:5      | Bought a glowing dark potion for 22 gold pieces
  4612 | D:5      | Bought a garnet ring for 125 gold pieces
  4612 | D:5      | Bought a scroll labelled DUG KARHUALIRA for 25 gold pieces
  5043 | D:5      | Found Folu's Armour Shoppe.
  5192 | D:6      | Found a staircase to the Ecumenical Temple.
  5322 | D:6      | Found an iron altar of Okawaru.
  5375 | D:6      | Reached * piety under Dithmenos
  5376 | D:6      | Reached XP level 9. HP: 43/43 MP: 15/15
  6040 | D:7      | Reached ** piety under Dithmenos
  6175 | D:6      | Reached skill level 5 in Short Blades
  6980 | D:8      | Found a flagged portal.
  7002 | Bailey   | Entered a bailey
  7137 | Bailey   | Reached skill level 1 in Invocations
  7236 | Bailey   | Noticed an orc knight
  7391 | Bailey   | Reached XP level 10. HP: 49/49 MP: 16/18
  7426 | Bailey   | Killed an orc knight
  7426 | Bailey   | Reached *** piety under Dithmenos
  7537 | Bailey   | Identified the +9 storm dragon scales "Iptutyp" {rElec
                  | Dex+4}
  7540 | Bailey   | Identified the +1 kite shield "Loxull" {+Blink rElec rF+}
  7554 | Bailey   | Noticed an orc knight
  7591 | Bailey   | Killed an orc knight
  7913 | D:8      | Reached skill level 5 in Spellcasting
  7991 | D:8      | Reached skill level 1 in Shields
  8068 | D:8      | Noticed a skeletal warrior
  8069 | D:8      | Noticed a skeletal warrior
  8069 | D:8      | Noticed a skeletal warrior
  8261 | D:8      | Found a broken altar of Ashenzari.
  8363 | D:8      | Killed a skeletal warrior
  8364 | D:8      | Reached skill level 1 in Conjurations
  8779 | D:9      | Noticed a two-headed ogre
  8793 | D:9      | Killed a two-headed ogre
  8836 | D:9      | Noticed an orange crystal statue
  8892 | D:9      | Noticed Erolcha
  8911 | D:9      | Reached XP level 11. HP: 51/54 MP: 14/20
  9120 | D:9      | Reached skill level 10 in Stealth
  9131 | D:9      | Found a staircase to the Lair.
  9133 | D:9      | Noticed a two-headed ogre
  9214 | D:9      | Killed a two-headed ogre
  9510 | D:9      | Noticed a two-headed ogre
  9526 | D:9      | Reached **** piety under Dithmenos
  9528 | D:9      | Killed a two-headed ogre
  9543 | D:9      | Found a shimmering blue altar of Sif Muna.
  9746 | D:9      | Killed Erolcha
  9750 | D:9      | Reached skill level 5 in Fighting
 10101 | D:10     | Entered Level 10 of the Dungeon
 10124 | D:10     | Found an ornate altar of the Wu Jian Council.
 10233 | D:10     | Found a sacrificial altar of Ru.
 10281 | D:10     | Found a transporter.
 10281 | D:10     | Noticed Elsvaer's ghost (journeyman DEEE)
 10294 | D:10     | Noticed a deep elf knight
 10316 | D:10     | Found a radiant altar of Vehumet.
 10367 | D:10     | Found a bloodstained altar of Trog.
 10411 | D:10     | Found a transporter.
 10549 | D:10     | Reached XP level 12. HP: 53/60 MP: 22/22
 10799 | D:11     | Noticed a two-headed ogre
 10809 | D:11     | Killed a two-headed ogre
 11060 | D:11     | HP: 3/60 [manticore (6)]
 11257 | D:11     | Reached skill level 5 in Shields
 11374 | D:11     | Noticed a two-headed ogre
 11390 | D:11     | Killed a two-headed ogre
 11487 | D:11     | Identified the +7 triple sword of Conformity {drain, SInv}
 11516 | D:11     | Noticed a two-headed ogre
 11527 | D:11     | Killed a two-headed ogre
 11764 | Lair:1   | Entered Level 1 of the Lair of Beasts
 11927 | Lair:1   | Found a frozen archway.
 11987 | IceCv    | Entered an ice cave
 12274 | IceCv    | Reached skill level 5 in Invocations
 12468 | IceCv    | Noticed a reaper
 12765 | IceCv    | Reached ***** piety under Dithmenos
 13208 | Lair:1   | Reached skill level 10 in Hexes
 13217 | Lair:1   | Noticed a six-headed hydra
 13260 | Lair:1   | Killed a six-headed hydra
 13261 | Lair:1   | Reached XP level 13. HP: 63/65 MP: 24/24
 13972 | Lair:2   | Found a staircase to the Shoals.
 14086 | Lair:2   | Noticed Urug
 14100 | Lair:2   | Killed Urug
 14335 | Lair:2   | Found a hole to the Spider Nest.
 14730 | Lair:3   | Noticed Nergalle
 14748 | Lair:3   | Killed Nergalle
 15154 | Lair:3   | Noticed Rupert
 15159 | Lair:3   | Killed Rupert
 16385 | Lair:4   | Reached XP level 14. HP: 70/70 MP: 26/26
 16680 | Lair:4   | Reached skill level 10 in Short Blades
 17213 | Lair:5   | You fall into a shaft and drop 1 floor!
 17213 | Lair:6   | Entered Level 6 of the Lair of Beasts
 17213 | Lair:6   | Found a viscous altar of Jiyva.
 17213 | Lair:6   | Found a staircase to the Slime Pits.
 17238 | Lair:6   | Reached ****** piety under Dithmenos
 18149 | Lair:6   | Found the +7 captain's cutlass {speed, disarm}
 18351 | Lair:6   | Got Nearph's Tome of Ice and Stolen Souls
 18357 | Lair:6   | Identified the +3 trident of Egomania {vorpal, rPois rF+
                  | rN+}
 18618 | D:10     | Found a sacrificial altar of Ru.
 18642 | D:10     | Found an ornate altar of the Wu Jian Council.
 18691 | D:10     | Found a transporter.
 18717 | D:10     | Found a bloodstained altar of Trog.
 18747 | D:10     | Found a transporter.
 18804 | D:10     | Found a radiant altar of Vehumet.
 20213 | D:8      | Found a broken altar of Ashenzari.
 20792 | D:9      | Found a shimmering blue altar of Sif Muna.
 21038 | D:9      | Found a staircase to the Lair.
 21603 | D:12     | Found a staircase to the Orcish Mines.
 21849 | D:12     | Reached XP level 15. HP: 75/75 MP: 28/28
 21912 | D:12     | Found a shimmering blue altar of Sif Muna.
 23022 | D:13     | Reached skill level 5 in Ice Magic
 23408 | D:13     | Learned a level 4 spell: Cause Fear
 23411 | D:13     | Learned a level 2 spell: Blink
 23589 | D:14     | Noticed Snorg
 23614 | D:14     | Killed Snorg
 23814 | D:14     | Noticed a storm dragon
 23821 | D:14     | Killed a storm dragon
 23962 | D:14     | Noticed a fire giant
 23973 | D:14     | Killed a fire giant
 23974 | D:14     | Reached skill level 1 in Translocations
 23982 | D:14     | Identified the +1 ring mail of the Unstoppable Scars {rF+
                  | Will+ Dex+2}
 24134 | D:14     | Reached skill level 1 in Armour
 24162 | D:14     | Noticed a fire giant
 24169 | D:14     | Killed a fire giant
 24222 | D:14     | Identified the ring of Balance {rPois Will+ Str+8}
 24380 | D:14     | Found a gate to the Vaults.
 24644 | D:14     | Identified a scroll of acquirement
 24645 | D:14     | Acquired 809 gold pieces
 24851 | D:5      | Bought a scroll of identify for 50 gold pieces
 24903 | D:3      | Bought quicksilver dragon scales for 1620 gold pieces
 25119 | D:15     | Entered Level 15 of the Dungeon
 25136 | D:15     | Noticed Jorgrun
 25252 | D:15     | Reached XP level 16. HP: 71/81 MP: 30/30
 25447 | D:15     | Killed Jorgrun
 25524 | D:15     | Noticed Nessos
 25532 | D:15     | Killed Nessos
 25567 | D:15     | Found a staircase to the Depths.
 25882 | Orc:1    | Entered Level 1 of the Orcish Mines
 25895 | Orc:1    | Found Xuotyudeuz's General Store.
 25952 | Orc:1    | Bought a scroll of identify for 34 gold pieces
 26322 | Orc:2    | Entered Level 2 of the Orcish Mines
 26358 | Orc:2    | Reached skill level 10 in Shields
 26714 | Orc:2    | Found a staircase to the Elven Halls.
 26773 | Orc:2    | Found Watoug's Armour Boutique.
 26788 | Orc:2    | Bought a +1 pair of boots of rampaging for 231 gold pieces
 27770 | Orc:2    | Found Kural's Antique Armour Shop.
 27771 | Orc:2    | Found Zuinnuhu's Antique Weapon Shop.
 27773 | Orc:2    | Found Ruecwink's General Store.
 27773 | Orc:2    | Found Wetie's Book Boutique.
 27778 | Orc:2    | Bought a scroll of teleportation for 39 gold pieces
 27778 | Orc:2    | Bought a scroll of acquirement for 676 gold pieces
 27778 | Orc:2    | Bought a potion of might for 52 gold pieces
 27790 | Orc:2    | Acquired 735 gold pieces
 27793 | Orc:2    | Bought the +3 warlock's mirror {reflect} for 1320 gold
                  | pieces
 27793 | Orc:2    | Found the +3 warlock's mirror {reflect}
 28337 | Orc:2    | Bought a pair of runed gloves for 247 gold pieces
 28550 | Spider:1 | Entered Level 1 of the Spider Nest
 28590 | Spider:1 | Identified the +3 leather armour "Ginext" {Rampage *Slow
                  | rF+ SInv}
 28699 | Spider:1 | Mangled by a broodmother

Illustrated notes

Levels and vault maps discovered:
D:1:      co_arrival_random_square_maze, layout_rooms, basic_ecumenical_altar
D:2:      layout_basic
D:3:      layout_rooms, grunt_temple_overflow_order_and_chaos_1,
          cheibrodos_sewer_entry_bend, serial_shops, shop,
          grunt_decor_mini_mirrors, uniq_crazy_yiuf_cottage
D:4:      layout_loops_ring, uniq_sigmund
D:5:      layout_cave_pools, grunt_dithmenos_smoke_and_mirrors,
          lemuel_crystal_altar, serial_shops, nicolae_shop_stone,
          nicolae_stop_n_shop_1, nicolae_lakefront_shop, shop,
          kennysheep_generic_room_6
D:6:      layout_loops_ring, mainiacjoe_overflow_24_doors, temple_doors_e
D:7:      layout_rooms
D:8:      layout_loops_ring, kennysheep_little_box, enter_bailey_7
D:9:      layout_basic, mainiacjoe_overflow_tiny_flanked, erik_lair_island,
          st_stairs_9, minivault_15, nicolae_looking_at_the_future, uniq_erolcha
D:10:     layout_irregular_city, nicolae_vehumet_radiance,
          nicolae_wu_jian_wuxing_cycle, mainiacjoe_overflow_cross_hatched,
          nicolae_ru_the_path_less_chosen, gammafunk_ghost_arena
D:11:     layout_basic
D:12:     layout_irregular_city, david_orc_1_choice, serial_bayou,
          serial_bayou_shore_a, serial_bayou_shore_b, serial_bayou_pond_a,
          serial_bayou_pond_e, nicolae_sif_muna_condensation
D:13:     layout_basic, minivault_28
D:14:     minmay_chopped_fan, layout_stronghold,
          skrybe_vaults_entry_preservation, kennysheep_pointless_box, uniq_snorg
D:15:     hangedman_depths_entry_try_elsewhere_first, layout_cross,
          serial_undead, serial_undead_e, serial_undead_c, serial_undead_a,
          serial_undead_f, grunt_decor_junction, uniq_nessos, uniq_jorgrun
Lair:1:   layout_long_grid, portal_ice_cave_entry_pillars_1
Lair:2:   layout_regular_city, shoals_dummy_entry, spider_nest_entry_funnel_web,
          grunt_megastairs_2, uniq_urug
Lair:3:   layout_small_grid, uniq_nergalle, uniq_rupert
Lair:4:   layout_cave_pods
Lair:5:   layout_misc_corridors
Lair:6:   gammafunk_lair_ancient_temple, layout_loops_ring, slime_altar_1,
          grunt_megastairs_3
Spider:1: layout_spider_delve
Orc:1:    layout_caves, serial_shops, nicolae_shop_crystal, basic_altar
Orc:2:    st_orc_congregation, layout_diamond_mine, serial_shops,
          shop_fountains, nicolae_orc_stony_grotto

Skill      XL: |  1  2  3  4  5  6  7  8  9 10 11 12 13 14 15 16 |
---------------+-------------------------------------------------+-----
Short Blades   | 1 2 3 4 5 6 7 8 9 10 11 12 | 12.2
Stealth        | 4 5 6 7 8 9 10 11 12 13 | 13.9
Fighting       | 1 2 3 4 5 6 7 8 |  8.7
Dodging        | 2 3 4 |  4.0
Ice Magic      | 1 2 3 4 5 |  5.0
Hexes          | 4 5 6 8 9 10 11 12 13 | 13.5
Spellcasting   | 3 4 5 6 7 8 9 |  9.6
Invocations    | 1 3 4 5 6 7 |  7.8
Shields        | 2 4 6 7 8 9 10 | 10.1
Conjurations   | 1 3 4 |  4.0
Translocations | 2 3 |  3.0
Armour         | 1 3 |  3.9

Action                   |  1- 3 |  4- 6 |  7- 9 | 10-12 | 13-15 | 16-18 || total
-------------------------+-------+-------+-------+-------+-------+-------++-------
Melee: Dagger            |    98 |   112 |    72 |     1 |     8 |       ||   291
       Bite              |    26 |    24 |   114 |   211 |   343 |   174 ||   892
       Punch             |     2 |       |     5 |     1 |       |       ||     8
       Short sword       |       |       |   251 |   287 |       |       ||   538
       Rapier            |       |       |       |   232 |   530 |       ||   762
       Cutlass           |       |       |       |       |   314 |   472 ||   786
 Cast: Ensorcelled Hiber |    21 |    19 |    20 |    27 |    74 |     3 ||   164
       Confusing Touch   |       |       |    13 |    15 |    33 |     1 ||    62
       Tukima's Dance    |       |       |    35 |    31 |     7 |    11 ||    84
       Dazzling Flash    |       |       |       |       |     7 |    44 ||    51
       Cause Fear        |       |       |       |       |       |     2 ||     2
 Abil: Evoke Blink       |       |       |       |     1 |       |       ||     1
Evoke: Wand              |       |       |       |     3 |       |       ||     3
  Use: Potion            |       |     1 |       |       |       |       ||     1
       Scroll            |       |       |     5 |     9 |    14 |     2 ||    30
 Stab: Sleeping          |    15 |    21 |    22 |    41 |   105 |    12 ||   216
       Distracted        |       |     1 |     3 |     1 |     1 |     3 ||     9
       Confused          |       |       |     6 |    10 |    24 |     1 ||    41
       Invisible         |       |       |       |       |     2 |    44 ||    46
Armor: Robe              |    17 |    13 |    79 |    12 |       |       ||   121
       Skin              |       |    34 |       |       |       |       ||    34
       Acid dragon scale |       |       |       |    27 |       |       ||    27
       Troll leather arm |       |       |       |    44 |   192 |       ||   236
       Quicksilver drago |       |       |       |       |     4 |    70 ||    74
Dodge: Dodged            |    65 |    54 |   227 |   192 |   315 |   131 ||   984
       Repelled          |       |       |       |       |       |     6 ||     6
Block: Other             |       |     6 |    74 |     1 |       |       ||    81
       Reflection        |       |       |     8 |     4 |    19 |     9 ||    40
       Kite shield       |       |       |       |   396 |   665 |   304 ||  1365
       Buckler           |       |       |       |       |       |    37 ||    37
